Map: Frostline LE

Players

Spirit (souL)

  • Race: Terran Terran
  • League: Master
  • Spawn Location: 1:00

VITmaru (Maru) - Winner!

  • Race: Terran Terran
  • Spawn Location: 7:00

Event: HomeStory Cup XXVI

VOD

Have the link to the VOD?

Description

Time

  • Played on: Nov. 29, 2024, 3:30 p.m.
  • Length: 28:37

All games in this series

Show
View Real Time Build Order
Export as new Build Order

Spirit Terran 

Build Orders:  

Get SALT Encoding   

  12  0:00  SCV  
  13  0:12  SCV  
  14  0:17  Supply Depot  
  14  0:24  SCV  
  15  0:38  SCV  
  15  0:40  Barracks  
  16  0:45  Refinery  
  16  0:51  SCV  
  16  0:53  Refinery  
  17  1:03  SCV  
  18  1:15  SCV  
  19  1:27  Orbital Command, Reaper  
  20  1:34  Supply Depot  
  20  1:43  Factory  
  20  1:53  SCV  
  21  1:59  Reaper  
  22  2:05  SCV  
  23  2:17  SCV  
  23  2:19  Command Center  
  24  2:26  Hellion  
  25  2:30  SCV  
  25  2:31  Reaper  
  27  2:42  SCV  
  28  2:45  Supply Depot  
  28  2:48  Hellion  
  30  2:54  SCV  
  30  2:55  Starport  
  31  3:06  Barracks Reactor  
  31  3:07  SCV  
  31  3:10  Factory Tech Lab  
  32  3:19  SCV  
  30  3:31  SCV, Cyclone  
  34  3:43  SCV  
  35  3:52  Marine  
  37  3:55  SCV  
  37  3:59  Orbital Command  
  37  4:00  Marine  
  36  4:07  SCV  
  35  4:11  Refinery  
  35  4:12  Command Center  
  35  4:14  Factory Tech Lab  
  35  4:15  Raven  
  35  4:16  Interference Matrix  
  37  4:20  SCV  
  37  4:22  Marine  
  39  4:25  SCV  
  40  4:32  Supply Depot, SCV  
  40  4:33  Siege Tank  
  40  4:37  SCV  
  45  4:41  Marine  
  45  4:44  Supply Depot, SCV  
  46  4:49  SCV  
  46  4:51  Raven  
  47  4:53  Marine  
  47  4:56  SCV  
  47  4:59  Marine  
  50  5:01  SCV  
  51  5:08  SCV  
  51  5:10  Siege Tank  
  51  5:12  Marine  
  51  5:13  SCV  
  57  5:17  Marine  
  57  5:20  SCV, Barracks  
  57  5:21  Barracks  
  59  5:23  Refinery  
  59  5:25  SCV  
  60  5:31  Orbital Command  
  60  5:32  SCV  
  62  5:37  SCV  
  62  5:44  SCV, Viking x2  
  62  5:49  SCV  
  68  5:50  Siege Tank  
  68  5:51  Marine  
  68  5:56  Supply Depot, SCV  
  73  6:00  Stimpack  
  73  6:01  Supply Depot  
  73  6:03  SCV  
  74  6:06  SCV  
  75  6:11  Marine  
  75  6:12  Marine  
  75  6:17  Marine, Viking  
  80  6:20  Viking  
  82  6:29  Marine  
  82  6:30  Marine  
  77  6:34  SCV  
  77  6:35  Marine  
  79  6:44  Siege Tank  
  82  6:47  Marine x2, Viking  
  82  6:49  Supply Depot  
  82  6:50  SCV  
  82  6:52  Marine  
  82  6:53  Viking  
  90  6:59  SCV  
  90  7:00  SCV  
  88  7:03  SCV  
  76  7:10  Marine  
  76  7:11  Orbital Command, SCV  
  78  7:18  Barracks Reactor x2  
  76  7:24  SCV, Engineering Bay  
  76  7:25  SCV  
  76  7:27  Engineering Bay  
  78  7:30  Viking  
  78  7:35  Marine  
  78  7:37  SCV  
  82  7:41  SCV, Viking  
  85  7:49  SCV  
  87  7:54  Terran Infantry Weapons Level 1, Sensor Tower  
  87  7:55  Terran Infantry Armor Level 1  
  86  8:00  SCV  
  87  8:05  SCV  
  87  8:09  Liberator  
  87  8:10  SCV  
  87  8:11  Liberator  
  89  8:12  SCV  
  89  8:14  Marine x2  
  89  8:16  Marine, Barracks x2  
  89  8:17  SCV, Marine  
  94  8:23  SCV  
  94  8:24  Combat Shield  
  94  8:25  Supply Depot x2  
  95  8:28  SCV  
  95  8:29  Marine  
  95  8:32  SCV  
  98  8:34  Marine x2  
  98  8:35  Marine  
  101  8:46  SCV x2, Marine, Siege Tank  
  101  8:47  Supply Depot x2  
  101  8:48  Supply Depot  
  107  8:49  Marine  
  107  8:50  Refinery  
  107  8:51  Refinery  
  107  8:52  Marine x2  
  110  8:55  Marine  
  110  8:59  SCV  
  112  9:03  Medivac x2  
  112  9:04  Marine, Barracks Reactor x2  
  112  9:08  SCV x2, Marine  
  120  9:10  Marine  
  120  9:11  Marine  
  120  9:12  SCV, Armory  
  122  9:20  Marine  
  122  9:21  Marine  
  124  9:26  Marine  
  124  9:28  Marine  
  124  9:29  Marine  
  127  9:33  Command Center  
  127  9:38  Marine  
  121  9:39  Marine  
  121  9:41  Marine x2  
  121  9:44  Marine  
  125  9:45  Marine  
  125  9:46  Marine  
  125  9:47  Marine x2  
  126  9:53  Medivac x2  
  126  9:54  Supply Depot  
  126  9:55  Supply Depot, Marine  
  126  9:56  Siege Tank  
  126  9:57  Marine  
  126  9:59  Marine x2  
  132  10:02  Marine  
  132  10:03  Marine  
  132  10:05  Marine  
  137  10:08  Terran Infantry Armor Level 2, Terran Infantry Weapons Level 2  
  137  10:13  Marine  
  138  10:15  SCV, Marine  
  138  10:18  SCV  
  139  10:24  Terran Ship Weapons Level 1  
  139  10:26  Starport  
  139  10:27  Barracks Tech Lab, SCV, Starport  
  140  10:28  SCV  
  140  10:29  Barracks Tech Lab  
  140  10:30  SCV  
  140  10:34  Viking  
  147  10:39  SCV, Viking  
  150  10:46  Orbital Command  
  150  10:47  SCV  
  147  10:50  SCV  
  147  10:55  Fusion Core  
  147  10:56  Concussive Shells, Marauder x2  
  149  10:59  Marauder  
  151  11:04  Viking  
  151  11:07  Viking x3  
  151  11:09  Viking  
  160  11:11  Viking  
  160  11:15  Marine  
  160  11:17  Marauder x2  
  167  11:21  Supply Depot  
  167  11:22  Marauder  
  167  11:23  Supply Depot  
  167  11:24  Supply Depot  
  169  11:29  Refinery  
  169  11:31  Refinery, Armory  
  169  11:34  Viking  
  169  11:36  Marine  
  172  11:43  Marauder x2, Viking x3  
  172  11:44  Advanced Ballistics  
  182  11:51  Marauder  
  186  12:04  Marauder  
  188  12:09  Starport  
  188  12:11  Liberator x2  
  188  12:13  Viking  
  188  12:15  Command Center  
  194  12:20  Terran Vehicle And Ship Armor Level 1  
  194  12:21  Terran Ship Weapons Level 2  
  194  12:25  Viking  
  194  12:29  Viking  
  196  12:35  Viking  
  196  12:41  Marauder x2  
  200  12:54  Starport Reactor  
  200  12:56  Command Center  
  200  13:08  Liberator  
  190  13:27  Viking  
  190  13:29  Viking  
  190  13:32  Liberator x3  
  193  13:44  Marauder x2  
  197  13:50  Liberator  
  197  13:52  Command Center  
  197  13:55  Terran Infantry Weapons Level 3  
  200  14:02  Command Center  
  200  14:15  Terran Vehicle And Ship Armor Level 2  
  200  14:16  Viking x4  
  200  14:17  Viking  
  200  14:18  Viking  
  200  14:20  Viking  
  190  14:28  Orbital Command  
  190  14:30  Starport  
  184  14:33  Viking  
  184  14:38  SCV x3  
  186  14:41  Planetary Fortress  
  186  14:46  Sensor Tower, Viking x5  
  186  14:47  SCV  
  186  14:48  Viking  
  186  14:50  SCV  
  200  14:53  Terran Ship Weapons Level 3  
  171  15:21  Viking x6  
  171  15:24  Smart Servos  
  187  15:30  Orbital Command  
  171  15:53  Liberator x6  
  171  15:56  Marauder x3  
  183  15:58  Marine x2  
  183  16:01  Marine  
  183  16:08  Refinery  
  183  16:15  Liberator  
  183  16:18  Marauder x3  
  190  16:20  Starport Reactor  
  190  16:23  Barracks x2  
  190  16:25  Barracks  
  190  16:30  Refinery, Command Center  
  189  16:33  Liberator  
  190  16:41  Liberator  
  190  16:45  Liberator  
  190  16:46  Viking  
  189  16:56  Marine, Marauder  
  189  16:57  Marine, Marauder  
  189  16:59  Viking x3  
  189  17:01  Marine, Marauder  
  184  17:03  Marine  
  184  17:05  Viking  
  170  17:14  Marine  
  170  17:15  Marine  
  167  17:18  Marine, Marauder  
  167  17:19  Marauder  
  167  17:21  Marine  
  175  17:22  Marauder  
  175  17:31  Marine  
  175  17:32  Marine  
  175  17:35  Barracks Tech Lab x3  
  175  17:36  Liberator x2, Marine, Viking  
  185  17:39  Marine, Marauder  
  185  17:40  Marauder  
  192  17:44  Orbital Command, Marauder  
  192  17:45  SCV  
  192  17:47  SCV  
  193  17:51  SCV  
  193  17:55  SCV  
  193  17:56  Medivac  
  197  17:59  Planetary Fortress  
  197  18:00  Marauder  
  197  18:04  SCV  
  200  18:09  Terran Vehicle And Ship Armor Level 3  
  197  18:32  SCV  
  200  18:53  Refinery  
  197  18:58  Liberator, Medivac x3  
  197  18:59  Sensor Tower  
  199  19:13  Sensor Tower  
  196  19:18  Liberator  
  196  19:22  Command Center  
  193  19:41  Sensor Tower  
  193  19:42  Command Center  
  193  19:44  Command Center  
  193  20:06  Marine  
  185  20:07  Marauder  
  185  20:08  Marine, Marauder  
  185  20:09  Marine x5, Marauder  
  155  20:24  Marine  
  155  20:26  Marine x4  
  155  20:27  Marauder x2  
  155  20:28  Marine  
  131  20:29  Marine, Medivac  
  131  20:30  Marauder, Medivac x2  
  131  20:32  Liberator, Medivac x2  
  131  20:33  Liberator x2  
  119  20:42  Marine  
  110  20:44  Marine x4  
  110  20:45  Viking x2  
  110  20:46  Marine  
  110  20:47  Marine  
  110  20:48  Marine, Marauder  
  122  20:51  Marine  
  123  20:59  Viking  
  123  21:00  Marine, Viking x2  
  123  21:02  Marine x4, Viking x2  
  123  21:03  Marine  
  139  21:05  Marauder  
  139  21:06  Marine  
  139  21:09  Marine x2  
  144  21:14  SCV x3  
  144  21:18  Marine  
  148  21:20  Marine x4  
  148  21:21  Marine  
  148  21:23  Marine  
  148  21:25  Viking x5  
  164  21:26  Refinery, Marauder  
  164  21:27  Marine, Marauder  
  164  21:29  Viking  
  164  21:30  Viking x2  
  175  21:35  Marine  
  175  21:38  Marine x2, Marauder  
  175  21:39  Marine  
  182  21:40  Marauder  
  182  21:42  Refinery, Marauder  
  182  21:45  Marauder  
  182  21:47  Orbital Command  
  182  21:48  Marauder  
  182  21:49  Marauder  
  182  21:53  Marine  
  187  21:55  Marine  
  187  21:56  Marine  
  187  22:00  Marauder  
  187  22:01  Marine, Marauder  
  194  22:03  Marauder  
  194  22:07  Marauder  
  197  22:14  Marine  
  180  22:15  Marine  
  180  22:16  Marauder  
  180  22:17  Marine  
  180  22:20  Viking x8  
  180  22:21  Marine, Marauder  
  187  22:25  Marine, Marauder  
  187  22:26  Marine  
  187  22:29  Marine  
  184  22:36  Marine  
  174  22:37  Marauder  
  174  22:38  Marine  
  174  22:43  Marauder x2  
  181  22:47  Viking  
  183  22:54  Viking  
  182  23:04  Viking x2  
  189  23:07  Liberator x2  
  192  23:16  Liberator  
  192  23:17  Viking  
  197  23:21  Liberator  
  200  23:29  Liberator  
  200  23:31  Liberator  
  196  23:35  Liberator  
  196  23:36  Orbital Command  
  199  23:55  SCV  
  196  24:37  Liberator  
  199  24:41  Refinery  
  199  24:43  Refinery  
  199  24:57  Viking  
  199  24:59  Viking  
  198  25:01  Viking  
  196  25:11  Liberator, Viking  
  187  25:35  Marine, Marauder  
  171  25:38  Marine  
  171  25:39  Marauder  
  171  25:41  Viking  
  171  25:42  Viking x7  
  179  25:50  Marine  
  179  25:51  Marauder  
  179  25:52  Marine  
  177  26:13  Marine, Marauder  
  177  26:15  Marine  
  180  26:31  Liberator x5  
  177  26:48  Liberator  
  177  26:49  Liberator  
  177  26:54  Marine  
  172  27:03  Marine  
  172  27:06  Marine  
  135  27:14  Liberator  
  131  27:16  Marine  
  130  27:31  Marine  
  131  27:41  Marine  
  95  28:04  Marine  
  73  28:15  Marine  
Show
View Real Time Build Order
Export as new Build Order

VITmaru Terran - Winner!

Build Orders: Reaper Expand 

Get SALT Encoding   

  12  0:00  SCV  
  13  0:12  SCV  
  14  0:16  Supply Depot  
  14  0:24  SCV  
  15  0:38  SCV  
  15  0:39  Barracks  
  16  0:43  Refinery  
  16  0:50  SCV  
  17  1:02  SCV  
  18  1:14  SCV  
  19  1:26  Orbital Command, Reaper  
  20  1:43  Command Center  
  20  1:52  SCV  
  20  1:53  Supply Depot  
  21  1:58  Marine  
  22  2:05  SCV  
  22  2:08  Factory  
  23  2:17  SCV  
  23  2:18  Marine, Refinery  
  25  2:29  SCV  
  25  2:40  Marine  
  25  2:41  SCV  
  27  2:53  SCV, Hellion  
  30  2:59  Starport  
  30  3:01  Barracks Reactor  
  30  3:02  Orbital Command  
  30  3:05  SCV  
  29  3:17  SCV, Factory Tech Lab  
  27  3:28  SCV  
  27  3:29  SCV  
  28  3:37  Cyclone  
  28  3:38  Marine x2  
  28  3:40  Medivac  
  28  3:41  SCV x2  
  34  3:53  SCV x2  
  33  3:56  Marine  
  33  4:01  Marine  
  33  4:05  SCV  
  33  4:06  SCV  
  34  4:13  Siege Tank  
  34  4:14  Marine  
  34  4:16  Refinery  
  38  4:17  SCV  
  38  4:18  Supply Depot  
  38  4:21  Marine  
  38  4:23  SCV  
  41  4:29  SCV  
  42  4:31  Liberator  
  42  4:37  Supply Depot  
  45  4:39  SCV  
  46  4:46  SCV  
  46  4:51  SCV  
  48  4:54  Siege Tank  
  48  4:58  SCV  
  52  5:00  Supply Depot  
  52  5:03  SCV  
  51  5:10  SCV  
  52  5:15  SCV  
  53  5:22  Viking x2  
  53  5:23  Supply Depot, SCV  
  58  5:29  Siege Tank  
  61  5:38  SCV x2  
  61  5:42  Marine  
  63  5:50  SCV  
  63  5:52  Liberator  
  63  5:54  Liberator  
  71  5:57  SCV  
  71  5:59  Marine  
  71  6:00  Supply Depot  
  72  6:07  SCV  
  73  6:13  Siege Tank, SCV  
  73  6:14  Supply Depot  
  74  6:19  SCV  
  74  6:25  SCV  
  76  6:30  Marine  
  76  6:31  SCV  
  75  6:35  Viking  
  75  6:36  Refinery  
  75  6:37  SCV, Viking  
  80  6:44  SCV  
  81  6:48  Marine  
  81  6:49  SCV  
  83  6:56  SCV  
  83  6:59  Siege Tank  
  85  7:01  SCV  
  85  7:05  Command Center  
  85  7:07  Marine  
  71  7:10  SCV  
  71  7:12  Viking  
  71  7:13  Viking  
  68  7:17  SCV  
  68  7:22  SCV  
  70  7:25  Marine, Factory  
  70  7:29  SCV  
  72  7:32  Siege Tank  
  72  7:34  SCV  
  76  7:41  SCV  
  77  7:44  Viking  
  77  7:45  Viking  
  77  7:46  SCV  
  82  7:53  SCV  
  82  7:55  Barracks Tech Lab  
  83  7:58  SCV  
  83  8:05  SCV  
  81  8:10  SCV  
  81  8:12  Refinery  
  80  8:14  Refinery, Engineering Bay, Viking x2  
  80  8:17  Orbital Command, SCV, Engineering Bay  
  80  8:19  Siege Tank  
  88  8:22  Siege Tank  
  88  8:23  SCV  
  92  8:29  SCV  
  93  8:35  SCV  
  93  8:37  Armory  
  93  8:40  Sensor Tower  
  94  8:41  SCV  
  94  8:43  Command Center  
  94  8:44  SCV  
  94  8:47  SCV  
  96  8:50  Viking x2  
  96  8:54  SCV  
  101  8:58  Siege Tank  
  101  8:59  SCV  
  101  9:00  SCV  
  106  9:05  Siege Tank  
  106  9:06  Supply Depot  
  106  9:09  Supply Depot  
  109  9:12  Supply Depot  
  109  9:20  Factory, Armory  
  109  9:28  SCV x3, Viking  
  114  9:36  Siege Tank  
  116  9:40  SCV x3  
  116  9:48  Liberator  
  116  9:52  SCV x3  
  115  9:58  Liberator  
  115  10:04  SCV x3  
  115  10:06  Factory Reactor  
  118  10:08  Terran Vehicle And Ship Armor Level 1, Terran Vehicle Weapons Level 1  
  117  10:14  Refinery  
  117  10:16  SCV x3  
  117  10:19  Siege Tank x2  
  126  10:22  Supply Depot  
  126  10:28  SCV x3  
  126  10:30  Missile Turret  
  126  10:31  Missile Turret  
  126  10:32  Missile Turret  
  126  10:34  Sensor Tower  
  129  10:40  SCV  
  129  10:42  Viking x2  
  134  10:44  Hellion x2  
  138  10:55  Bunker  
  138  10:56  Supply Depot  
  138  11:02  Siege Tank  
  138  11:03  Siege Tank  
  144  11:05  Supply Depot  
  144  11:06  Supply Depot  
  144  11:16  SCV x3  
  147  11:25  Hellion x2  
  151  11:28  Missile Turret  
  151  11:29  Missile Turret  
  151  11:30  Missile Turret, Sensor Tower  
  151  11:33  Supply Depot  
  151  11:34  Viking x2  
  155  11:44  Thor  
  161  11:47  Orbital Command  
  161  11:51  Thor  
  167  11:56  SCV x2, Refinery  
  167  11:57  Refinery  
  167  11:59  Missile Turret  
  169  12:04  Supply Depot  
  169  12:07  Terran Vehicle Weapons Level 2  
  169  12:17  Missile Turret  
  169  12:22  Factory x2, Terran Vehicle And Ship Armor Level 2  
  169  12:26  Viking  
  169  12:27  Thor, Viking  
  179  12:34  Starport  
  179  12:40  Missile Turret  
  179  12:50  Thor  
  179  12:51  Infernal Pre-Igniter  
  182  12:56  Viking  
  182  12:57  Viking  
  186  13:01  Supply Depot  
  186  13:03  Command Center  
  186  13:04  Command Center  
  182  13:26  Viking  
  182  13:27  Viking  
  175  13:33  Factory Tech Lab x2  
  175  13:34  Thor  
  170  13:37  SCV x3  
  170  13:40  Starport Reactor  
  173  13:50  SCV  
  173  13:51  SCV x3  
  173  13:54  Missile Turret  
  177  13:56  Viking x2  
  177  13:57  Siege Tank  
  177  13:58  Hellion x2  
  177  13:59  Thor  
  177  14:02  SCV  
  195  14:03  SCV  
  195  14:09  Neosteel Armor  
  196  14:17  Siege Tank  
  197  14:23  Viking  
  199  14:29  Terran Vehicle Weapons Level 3  
  199  14:41  Command Center  
  199  14:45  Missile Turret, Sensor Tower  
  199  14:50  Orbital Command, Command Center  
  199  14:52  Missile Turret  
  199  15:18  Terran Vehicle And Ship Armor Level 3  
  199  15:19  Siege Tank x3  
  194  15:22  Viking x2  
  194  15:27  Planetary Fortress, Sensor Tower  
  195  15:33  SCV x2, Missile Turret  
  195  15:34  Missile Turret  
  197  15:41  Viking  
  188  15:50  Thor  
  188  15:51  Thor  
  200  15:58  Sensor Tower  
  200  16:01  Missile Turret  
  200  16:02  Missile Turret x2  
  200  16:03  Missile Turret  
  200  16:06  Orbital Command  
  199  16:16  Sensor Tower  
  199  16:20  Missile Turret x2  
  199  16:30  Missile Turret  
  199  16:31  Missile Turret  
  199  16:42  Command Center  
  197  16:52  Command Center  
  179  17:01  Viking x2  
  179  17:07  Terran Ship Weapons Level 1  
  177  17:09  Viking x2  
  168  17:19  Planetary Fortress, SCV  
  169  17:22  Starport  
  169  17:23  Starport  
  169  17:24  Starport  
  164  17:34  SCV x2  
  164  17:35  SCV x4  
  159  17:37  Viking x2  
  159  17:38  Mag-Field Accelerator  
  159  17:40  Smart Servos  
  159  17:42  Thor  
  169  17:46  SCV  
  169  17:47  SCV x3  
  173  18:01  Missile Turret x2  
  173  18:02  Missile Turret x2  
  173  18:04  Orbital Command  
  173  18:07  Viking x2  
  173  18:10  Command Center  
  177  18:13  Sensor Tower  
  176  18:22  Hellion  
  176  18:24  Viking x5  
  183  18:35  Missile Turret  
  183  18:37  Viking x2  
  187  18:46  Thor x2  
  199  18:48  Hellion  
  199  18:59  Command Center  
  199  19:03  Starport Reactor x2, Terran Ship Weapons Level 2  
  199  19:08  Starport Reactor  
  199  19:18  Command Center  
  199  19:19  Refinery  
  199  19:20  Refinery  
  199  19:31  Missile Turret  
  199  19:32  Missile Turret  
  197  19:49  Viking  
  197  19:50  Viking  
  197  19:51  Siege Tank  
  198  19:59  Siege Tank  
  200  20:00  Siege Tank, Missile Turret, Command Center  
  197  20:08  Siege Tank  
  197  20:14  Hellbat x2  
  148  20:23  Siege Tank  
  130  20:32  Siege Tank x2  
  130  20:35  Hellbat x2  
  133  20:40  Siege Tank, Viking  
  133  20:42  Missile Turret  
  135  20:55  Siege Tank  
  135  20:56  Hellbat x2  
  142  20:57  Orbital Command  
  142  21:01  Orbital Command  
  142  21:04  Siege Tank x2  
  148  21:08  Sensor Tower  
  148  21:12  Siege Tank  
  148  21:16  Sensor Tower, Viking x2  
  155  21:19  Viking  
  155  21:23  Orbital Command  
  157  21:28  Siege Tank  
  164  21:32  Hellbat  
  164  21:33  Hellbat  
  164  21:36  Siege Tank, Thor  
  173  21:44  Thor  
  173  21:46  Refinery  
  179  21:48  Sensor Tower  
  179  21:50  Missile Turret  
  179  21:52  Missile Turret  
  179  21:53  Missile Turret  
  183  21:54  Hellbat x2  
  183  22:00  Siege Tank  
  186  22:02  Orbital Command  
  186  22:06  Missile Turret, Refinery  
  186  22:08  Siege Tank  
  165  22:17  Hellbat  
  165  22:18  Hellbat  
  165  22:19  Siege Tank  
  160  22:27  Siege Tank  
  152  22:32  Siege Tank  
  152  22:35  SCV x3  
  158  22:39  SCV x3  
  158  22:40  Siege Tank  
  158  22:42  Orbital Command  
  164  22:46  Viking  
  164  22:51  Siege Tank  
  169  22:59  Viking x3  
  169  23:01  SCV x2  
  169  23:02  Orbital Command, SCV  
  176  23:06  Sensor Tower  
  174  23:14  Orbital Command  
  172  23:29  Siege Tank x2  
  164  23:34  Viking x2  
  168  23:51  Viking  
  168  23:52  Missile Turret  
  168  23:54  Missile Turret  
  168  23:55  Missile Turret  
  170  24:06  Refinery  
  170  24:07  SCV x2  
  170  24:08  Missile Turret, Refinery  
  172  24:10  Thor  
  172  24:12  Widow Mine  
  172  24:13  Widow Mine  
  182  24:18  SCV x5  
  184  24:26  Hellion x6  
  184  24:29  Missile Turret  
  181  24:31  Missile Turret  
  181  24:32  Missile Turret  
  181  24:36  SCV x5, Missile Turret x2  
  181  24:37  SCV x5  
  191  24:42  Thor  
  193  25:02  Missile Turret  
  193  25:03  Thor  
  197  25:11  Missile Turret  
  197  25:12  Missile Turret  
  196  25:15  Sensor Tower  
  193  25:24  SCV x2  
  193  25:27  Viking  
  197  25:29  Missile Turret  
  178  25:36  Thor  
  174  25:55  Thor  
  179  26:02  Orbital Command  
  179  26:03  Viking  
  181  26:17  Viking  
  179  26:30  Viking  
  180  26:47  Thor  
  180  26:54  SCV x2, Viking x2  
  184  27:03  Viking  
  184  27:05  Viking  
  167  27:09  Thor  
  169  27:25  Viking x2  
  171  27:38  SCV  
  172  27:46  Viking x2  
  153  27:52  Command Center  
Tags
 
Add a new tag
Caveats
  • Supply blocks, unpowered buildings, or Contaminate may cause inaccurate times.
  • Supply counts are checked every 10 seconds.